 Dungeon Crawl Stone Soup version 0.17.1-3-g152610e (webtiles) character file.

158 engine7v the Chopper (level 5, -1/47 HPs)
             Began as a Hill Orc Berserker on Mar 8, 2016.
             Was a Believer of Trog.
             Slain by a gnoll
             ... wielding a +0 halberd
              (7 damage)
             ... on level 3 of the Dungeon.
             The game lasted 00:23:00 (3181 turns).

engine7v the Chopper (Hill Orc Berserker)           Turns: 3181, Time: 00:23:00

Health: -1/47      AC:  6    Str: 21    XL:     5   Next: 40%
Magic:  5/5        EV: 11    Int:  7    God:    Trog [**....]
Gold:   165        SH:  0    Dex: 10    Spells: 0 memorised, 4 levels left

rFire  . . .     SeeInvis .     a - +0 hand axe
rCold  + . .     Clarity  .     i - +0 ring mail
rNeg   . . .     SustAt   .     (no shield)
rPois  .         Gourm    .     (no helmet)
rElec  .         Spirit   .     (no cloak)
rCorr  .         Warding  .     (no gloves)
rMut   .         Stasis   .     g - +0 pair of boots
MR     .....                    (no amulet)
Stlth  +.........               (no ring)
                                c - ring of protection from cold

@: exhausted, slowed, very slow, not resistant to hostile enchantments, very
unstealthy
A: no striking features
a: Berserk, Trog's Hand, Burn Spellbooks, Renounce Religion


You were on level 3 of the Dungeon.
You worshipped Trog.
Trog was pleased with you.
You were not hungry.

You visited 1 branch of the dungeon, and saw 3 of its levels.

You collected 165 gold pieces.

Inventory:

Hand Weapons
 a - a +0 hand axe (weapon)
Armour
 g - a +0 pair of boots (worn)
 i - a +0 ring mail (worn)
Jewellery
 c - a ring of protection from cold (left hand)
Wands
 u - a wand of digging (17)
Scrolls
 f - 3 scrolls of enchant armour {unknown}
 h - 4 scrolls of fog
 m - a scroll of teleportation {unknown}
 o - a scroll of recharging {unknown}
 q - 2 scrolls of enchant weapon {unknown}
 r - 2 scrolls of remove curse {unknown}
 s - 2 scrolls of identify
 t - a scroll of noise {unknown}
Potions
 b - a potion of beneficial mutation {unknown}
 d - 2 potions of heal wounds
 e - 2 potions of agility
 j - 2 potions of magic {unknown}
 k - 2 potions of haste {unknown}
 p - a potion of berserk rage {unknown}
Comestibles
 l - a meat ration
 n - a beef jerky


   Skills:
 + Level 4.4 Fighting
 + Level 5.6 Axes
 + Level 3.1 Armour
 + Level 2.5 Dodging
 + Level 0.6 Stealth


You had 4 spell levels left.
You didn't know any spells.

Dungeon Overview and Level Annotations

Branches:
Dungeon (3/15)

Altars:
Gozag
Ru

Shops:
D:2 *


Message History

You kill the gnoll!
Trog accepts your kill.
You barely miss the gnoll.
The gnoll is lightly wounded.
You hit the gnoll.
The gnoll is severely wounded.
You hit the gnoll.
The gnoll is heavily wounded.
The gnoll barely misses you. The gnoll hits you.
* * * LOW HITPOINT WARNING * * *
The gnoll hits you but does no damage. The gnoll barely misses you.
The gnoll closely misses you. The gnoll hits you with a halberd.
* * * LOW HITPOINT WARNING * * *
The gnoll closely misses you.
You hit the gnoll.
The gnoll is moderately wounded.
You hit the gnoll but do no damage.
The gnoll is severely wounded.
The gnoll misses you. The gnoll hits you with a halberd!
You die...

.....####.....<#..........######.
####.# #.##########......# #. #.#
###<... .......>.# #. #.# .......
###......# ##. #.# .......
#......# #.. #.# ....... #.#.####
#.. #.# ....... ..#.# #.# #.#
.......### #.. #.# /.....gg@# ###
####.# .......#g# ####### ..##.#
.......#.# ....... ..##.#
########.# ####### ...#.# #.#
...#.# #.# ...#.# #######.##
...#.# #........# #######
...#.#####........# #......


You could see 3 gnolls.

Vanquished Creatures
  An orc priest (D:3)
  An orc wizard (D:3)
  A gnoll (D:3)
  3 adders (D:2)
  4 worms
  A giant gecko (D:1)
  3 orcs (D:3)
  4 giant cockroaches
  2 goblins
  4 hobgoblins
  9 jackals (D:1)
  2 kobolds
  3 quokkas (D:2)
  5 bats
  7 giant newts
  3 rats
53 creatures vanquished.

Notes
Turn   | Place    | Note
--------------------------------------------------------------
     0 | D:1      | engine7v the Hill Orc Berserker began the quest for the Orb.
     0 | D:1      | Reached XP level 1. HP: 19/19 MP: 1/1
    38 | D:1      | Reached XP level 2. HP: 4/27 MP: 2/2
  1229 | D:2      | Reached XP level 3. HP: 33/33 MP: 3/3
  1530 | D:2      | Found Gozag's Platinum Reserve.
  1532 | D:2      | Found an opulent altar of Gozag.
  1926 | D:2      | Reached ** piety under Trog
  2043 | D:2      | Reached XP level 4. HP: 30/40 MP: 4/4
  2280 | D:3      | Reached skill level 5 in Axes
  3006 | D:3      | Reached XP level 5. HP: 47/47 MP: 5/5
  3134 | D:3      | Found a sacrificial altar of Ru.
  3181 | D:3      | Slain by a gnoll

Action                   |  1- 3 |  4- 6 || total
-------------------------+-------+-------++-------
Melee: Hand axe          |   172 |    64 ||   236
Invok: Berserk           |     1 |     2 ||     3
  Use: Scroll            |     4 |       ||     4
  Eat: Bread ration      |     1 |     1 ||     2
       Royal jelly       |       |     1 ||     1
